 Dungeon Crawl Stone Soup version 0.20.1-1-g8b1a95d (webtiles) character file.

63 torrenera the Cutter (level 4, -5/30 HPs)
             Began as a Halfling Fighter on Sept 1, 2017.
             Slain by Sigmund
             ... wielding a +0 scythe
              (9 damage)
             ... on level 2 of the Dungeon.
             The game lasted 00:02:14 (1103 turns).

torrenera the Cutter (Halfling Fighter)             Turns: 1103, Time: 00:02:15

Health: -5/30      AC:  8    Str: 22    XL:     4   Next: 31%
Magic:  4/4        EV:  9    Int:  6    God:
Gold:   48         SH:  0    Dex: 14    Spells: 3/3 levels left

rFire    . . .     SeeInvis .   a - +0 rapier
rCold    . . .     Gourm    .   c - +0 shield
rNeg     . . .     Faith    .   g - +0 scale mail
rPois    .         Spirit   .   (no helmet)
rElec    .         Reflect  .   (no cloak)
rCorr    .         Harm     .   (no gloves)
MR       .....                  k - +0 pair of boots
Stlth    ..........             (no amulet)
Regen    0.1/turn               (no ring)
MPRegen  0.1/turn               (no ring)

@: confused, mighty
A: mutation resistance 1
a: no special abilities


You were on level 2 of the Dungeon.
You were not hungry.

You visited 1 branch of the dungeon, and saw 2 of its levels.

You collected 48 gold pieces.

Inventory:

Hand Weapons
 a - a +0 rapier (weapon)
Missiles
 e - 58 stones (quivered)
Armour
 c - a +0 shield (worn)
 g - a +0 scale mail (worn)
 k - a +0 pair of boots (worn)
Jewellery
 o - a cursed ring of loudness {unknown}
 q - an uncursed amulet of the gourmand {unknown}
Scrolls
 h - a scroll of noise {unknown}
 i - a scroll of identify {unknown}
 j - a scroll of enchant armour {unknown}
 m - a scroll of enchant weapon {unknown}
 p - a scroll of recharging {unknown}
Potions
 d - a potion of might
Comestibles
 b - 5 chunks of flesh
 f - a bread ration
 l - a royal jelly
 n - 2 fruits


   Skills:
 - Level 2.6 Fighting
 + Level 5.1 Short Blades
 - Level 3.2 Armour
 - Level 3.2 Shields


You had 3 spell levels left.
You didn't know any spells.

Dungeon Overview and Level Annotations

Branches:
Dungeon (2/15)

Altars:

Annotations:
D:2 Sigmund


Innate Abilities, Weirdness & Mutations

You are small and have problems with some larger weapons.
You are somewhat resistant to further mutation.


Message History

You bump into the rock wall.
Sigmund barely misses you.
Sigmund casts a spell.
Sigmund flickers and vanishes!
Deactivating autopickup; reactivate with Ctrl-A.
You hear some strange, mumbled words.
You are more confused.
Something hits you but does no damage. Something hits you!
You completely miss something. Something hits you!
* * * LOW HITPOINT WARNING * * *
Something hits you but does no damage.
You feel less confused.
You hear some strange, mumbled words.
You are confused.
Something hits you.
* * * LOW HITPOINT WARNING * * *
Something hits you!
You die...

... .. #########
### ........## ..#
..........########
#..
...................
..#
..........@........
..#
...................
..#
...................
..#
...................
...
...........#.......
###
>..................
....
.##.##รท###########
###.. #.##.# ## #..
##.##.#


There were no monsters in sight!

Vanquished Creatures
  3 adders (D:2)
  An ooze (D:1)
  A dart slug (D:2)
  A leopard gecko (D:1)
  2 ball pythons (D:1)
  3 bats (D:1)
  2 giant cockroaches (D:2)
  3 hobgoblins (D:1)
  2 jackals (D:1)
  6 frilled lizards
  3 kobolds
  5 rats (D:1)
32 creatures vanquished.

Notes
Turn   | Place    | Note
-------+----------+-------------------------------------------
     0 | D:1      | torrenera the Halfling Fighter began the quest for the Orb.
     0 | D:1      | Reached XP level 1. HP: 15/15 MP: 1/1
   105 | D:1      | Reached skill level 3 in Short Blades
   112 | D:1      | Reached XP level 2. HP: 10/20 MP: 2/2
   652 | D:1      | Reached XP level 3. HP: 18/25 MP: 3/3
   660 | D:1      | Reached skill level 4 in Short Blades
   966 | D:2      | Reached XP level 4. HP: 30/30 MP: 4/4
  1076 | D:2      | Reached skill level 5 in Short Blades
  1080 | D:2      | Noticed Sigmund
  1103 | D:2      | Slain by Sigmund

Skill      XL: |  1  2  3  4 |
---------------+-------------+-----
Short Blades   | 3 4 5 |  5.1
Fighting       | |  2.6
Armour         | |  3.2
Shields        | |  3.2

Action                   |  1- 3 |  4- 6 || total
-------------------------+-------+-------++-------
Melee: Rapier            |   113 |    17 ||   130
  Use: Scroll            |     2 |       ||     2
       Potion            |       |     1 ||     1
  Eat: Chunk             |       |     1 ||     1
Armor: Scale mail        |    42 |     8 ||    50
Dodge: Dodged            |    35 |     2 ||    37
Block: Shield            |    58 |     8 ||    66
